 Dungeon Crawl Stone Soup version 0.29.1-1-gd02db6906a (webtiles) character file.

Game seed: 15641597627676551791

172 porpoise the Chopper (level 5, -2/64 HPs)
             Began as a Formicid Abyssal Knight on Oct 21, 2022.
             Was a Priest of Lugonu.
             Slain by an orc warrior
             ... wielding a +0 glaive
              (16 damage)
             ... on level 4 of the Dungeon.
             The game lasted 00:12:23 (2977 turns).

porpoise the Chopper (Formicid Abyssal Knight)      Turns: 2977, Time: 00:12:24

Health: -2/64      AC: 22    Str: 23    XL:     5   Next: 83%
Magic:  6/6        EV:  2    Int:  9    God:    Lugonu [***...]
Gold:   154        SH:  0    Dex: 13    Spells: 4/4 levels left

rFire   . . .      SeeInvis .   a - +1 hand axe
rCold   . . .      Faith    .   (no shield)
rNeg    . . .      Spirit   .   (body armour currently unavailable)
rPois   +          Reflect  .   (helmet unavailable)
rElec   .          Harm     .   (cloak currently unavailable)
rCorr   .          Rampage  .   (gloves currently unavailable)
Will    .....                   (boots currently unavailable)
Stlth   +.........              (no amulet)
HPRegen 0.20/turn               (no ring)
MPRegen 0.10/turn               (no ring)

@: tree-form
A: stationary, stasis, torment immunity, boosted hp, permanent stasis, dig
shafts and tunnels, (antennae 3), four strong arms, strong 1
a: Renounce Religion, Depart the Abyss, Bend Space, Banish


You were on level 4 of the Dungeon.
You worshipped Lugonu.
Lugonu was most pleased with you.
You were a tree.
You visited 1 branch of the dungeon, and saw 4 of its levels.
You visited the Abyss 1 time.

You collected 154 gold pieces.

Inventory:

Hand Weapons
 a - a +1 hand axe (weapon)
 b - a +0 sling
Missiles
 c - 3 silver boomerangs
Armour
 j - a +0 ring mail
 m - a +0 plate armour (melded)
Magical Staves
 k - a staff of fire
Jewellery
 o - the ring of Fikyrphui {rCorr MP-9 Str+3 SInv}
   (You found it on level 2 of the Dungeon)

   [ring of see invisible]

   Str:       It affects your strength (+3).
   MP:        It affects your magic capacity (-9).
   SInv:      It lets you see invisible.
   rCorr:     It protects you from acid and corrosion.
Scrolls
 g - a scroll of enchant weapon {unknown}
 i - a scroll of vulnerability {unknown}
 l - a scroll of immolation {unknown}
 n - a scroll of amnesia {unknown}
 q - a scroll of butterflies {unknown}
 r - 2 scrolls of noise {unknown}
 t - a scroll of teleportation {unknown}
Potions
 d - a potion of cancellation
 e - a potion of might {unknown}
 f - a potion of ambrosia {unknown}
 h - a potion of curing
 u - a potion of flight {unknown}


   Skills:
 + Level 4.5 Fighting
 * Level 4.7 Axes
 - Level 2.1 Armour
 - Level 0.8 Dodging
 - Level 2.1 Invocations


You had 4 spell levels left.
You didn't know any spells.
Your spell library contained the following spells:

 Spells                   Type           Power      Damage    Failure   Level
 Conjure Flame            Conj/Fire      0%         6-21      77%         3
 Ignite Poison            Fire/Tmut/Pois 0%         N/A       77%         3
 Lesser Beckoning         Tloc           0%         N/A       77%         3
 Mephitic Cloud           Conj/Pois/Air  0%         N/A       77%         3
 Portal Projectile        Hex/Tloc       0%         N/A       77%         3
 Olgreb's Toxic Radiance  Pois           0%         N/A       99%         4
 Passage of Golubria      Tloc           0%         N/A       99%         4
 Sticky Flame             Conj/Fire      0%         2d3       99%         4
 Blade Hands              Tmut           0%         N/A       100%        5
 Irradiate                Conj/Tmut      0%         3d11      100%        5
 Dragon Form              Tmut           0%         N/A       100%        7


Dungeon Overview and Level Annotations

Branches:
Dungeon (4/15)
 Temple: D:4-7

Altars:
Kikubaaqudgha


Innate Abilities, Weirdness & Mutations

You are a tree.
Your roots penetrate the ground, keeping you stationary.
You cannot be teleported.
You are immune to unholy pain and torment.
Your maximum health is greatly increased.
Your equipment is partially melded.
You cannot be hasted, slowed, berserked, paralysed or teleported.
You can dig through walls and to a lower floor.
((You have a pair of large antennae on your head. (SInv)))
Your four strong arms can wield two-handed weapons with a shield.
Your muscles are strong. (Str +4, Int/Dex -1)


Message History

The orc warrior hits you but does no damage.
You slash the orc warrior!
The orc warrior is moderately wounded.
You hit the necrophage. The necrophage hits you.
* * * LOW HITPOINT WARNING * * *
The orc warrior hits you but does no damage.
You hit the orc warrior but do no damage.
The orc warrior is moderately wounded.
You barely miss the necrophage.
The necrophage hits you but does no damage.
The orc warrior hits you with a +0 glaive!
* * * LOW HITPOINT WARNING * * *
You feel better.
The necrophage hits you but does no damage.
The orc warrior barely misses you.
You hit the orc warrior but do no damage.
The orc warrior is moderately wounded.
You hit the necrophage but do no damage.
The necrophage hits you but does no damage.
The orc warrior hits you with a +0 glaive!
* * * LOW HITPOINT WARNING * * *
You hit the orc warrior.
The orc warrior is heavily wounded.
You closely miss the necrophage. The necrophage hits you.
* * * LOW HITPOINT WARNING * * *
The orc warrior hits you with a +0 glaive.
* * * LOW HITPOINT WARNING * * *
You feel better.
The necrophage hits you but does no damage.
The orc warrior hits you with a +0 glaive.
* * * LOW HITPOINT WARNING * * *
You feel better.
The necrophage hits you but does no damage.
The orc warrior hits you but does no damage.
You closely miss the orc warrior.
The orc warrior is heavily wounded.
You slash the necrophage!
The necrophage hits you but does no damage.
The orc warrior hits you with a +0 glaive!
You die...

#..........
#..o...........
#........>$#..
#..<......##..
###..#....##.. #(#
#.# ...........# ..
##.# ###..##.....#
#.##..# #.# ..#.n##
#.....# ... ##o♣.##
# #.....#
##..#..#).#.#
#.....# #....##..#.#
#.....##.
#...##......#
##.)...
#......#..####
##)<##..
..#.#........#
##.[## # . #
#...#....###..#....#
#........##..##.####
#...............#


You could see an orc warrior and a necrophage.

Vanquished Creatures
  A jelly (D:3)
  An orc priest (D:3)
  An iguana (D:3)
  2 adders
  2 worms (D:2)
  2 dart slugs
  5 orcs
  2 ball pythons
  8 bats
  2 endoplasms (D:2)
  4 giant cockroaches
  6 hobgoblins
  4 quokkas
  4 frilled lizards
  3 goblins
  6 kobolds
  3 rats (D:1)
56 creatures vanquished.

Vanquished Creatures (others)
  2 plants (D:2)
2 creatures vanquished.

Grand Total: 58 creatures vanquished

Notes
Turn   | Place    | Note
-------+----------+-------------------------------------------
     0 | Abyss:1  | porpoise the Formicid Abyssal Knight began the quest for
                  | the Orb.
     0 | Abyss:1  | Reached XP level 1. HP: 18/18 MP: 2/2
     1 | D:1      | Escaped the Abyss
   233 | D:1      | Reached XP level 2. HP: 22/24 MP: 3/3
   486 | D:1      | Got the Compilation of the Fetid Map
   700 | D:2      | Identified the ring of Fikyrphui {rCorr MP-9 Str+3 SInv}
   723 | D:2      | Reached XP level 3. HP: 28/29 MP: 4/4
  1036 | D:2      | Reached *** piety under Lugonu
  1042 | D:2      | Found an ancient bone altar of Kikubaaqudgha.
  1171 | D:2      | Reached XP level 4. HP: 29/37 MP: 5/5
  1832 | D:3      | Found a faded altar of an unknown god.
  2159 | D:3      | Reached XP level 5. HP: 27/42 MP: 6/6
  2270 | D:4      | Noticed an orc warrior
  2279 | D:3      | HP: 1/42 [orc priest/+0 hand axe (3)]
  2967 | D:4      | Gained mutation: Your muscles are strong. (Str +4, Int/Dex
                  | -1) [potion of mutation]
  2977 | D:4      | Slain by an orc warrior

Illustrated notes

Levels and vault maps discovered:
D:1:      erik_arrival_triangle_small, layout_basic
D:2:      layout_rooms, basic_altar, serial_forest,
          infiniplex_forest_lined_corner, infiniplex_forest_lined_2,
          infiniplex_forest_clump_tiny, infiniplex_forest_clump_medium
D:3:      layout_loops_ring, basic_ecumenical_altar
D:4:      layout_rooms, uniq_blork_the_orc

Skill      XL: |  1  2  3  4 |
---------------+-------------+-----
Axes           | 3 4 |  4.7
Fighting       | 4 |  4.5
Armour         | |  2.1
Dodging        | |  0.8
Invocations    | |  2.1

Action                   |  1- 3 |  4- 6 || total
-------------------------+-------+-------++-------
Melee: Hand axe          |   101 |    92 ||   193
       Punch             |     1 |       ||     1
 Fire: Sling             |       |     2 ||     2
  Use: Scroll            |       |     4 ||     4
       Potion            |       |     7 ||     7
Armor: Leather armour    |     3 |       ||     3
       Plate armour      |    47 |    46 ||    93
       Ring mail         |     8 |       ||     8
       Skin              |       |    10 ||    10
Dodge: Dodged            |    28 |    25 ||    53
